 Dungeon Crawl Stone Soup version 0.30.0-29-ga12c61a403 (webtiles) character file.

Game seed: 3489659741620334584

144415 cheesebisquit the Brawler (level 16, 0/167 HPs)
             Began as a Troll Fighter on June 15, 2023.
             Was the Champion of Wu Jian.
             Slain by an emperor scorpion (32 damage)
             ... on level 4 of the Spider Nest.
             The game lasted 02:19:28 (30542 turns).

cheesebisquit the Brawler (Troll Fighter)          Turns: 30542, Time: 02:19:29

Health: 0/167      AC: 12    Str: 33 (34) XL:     16   Next: 85%
Magic:  1/15       EV: 11    Int: 10      God:    Wu Jian [******]
Gold:   1483       SH: 18    Dex:  8 (9)  Spells: 9/15 levels left

rFire   . .          .
                       - Unarmed
rCold   + . .        b - +2 kite shield
rNeg    . . .        L - +1 acid dragon scales
rPois   +            (helmet restricted)
rElec   .            D - +2 cloak {Stlth+}
rCorr   +            (gloves unavailable)
SInv    .            (boots unavailable)
Will    +....        A - amulet of reflection
Stlth   ++           K - ring of poison resistance
HPRegen 1.27/turn    X - ring "Puis" {rC+ Str+6}
MPRegen 0.14/turn

%: reflection
@: mighty, hasted, very quick
A: large, unfitting armour, claws 3, regeneration 1, shaggy fur 1, tough skin 1
a: Renounce Religion, Wall Jump, Serpent's Lash, Heavenly Storm


You were on level 4 of the Spider Nest.
You worshipped Wu Jian.
Wu Jian was exalted by your worship.
You visited 5 branches of the dungeon, and saw 27 of its levels.
You also visited: Ossuary and Ice Cave.

You collected 2853 gold pieces.
You spent 1370 gold pieces at shops.

Inventory:

Hand Weapons
 i - a +3 spear of venom
 Y - a +3 giant spiked club
Missiles
 a - 13 large rocks
 q - 8 poisoned darts (quivered)
 w - 5 silver javelins
 C - 5 boomerangs
 H - 5 curare-tipped darts
 J - a throwing net
Armour
 b - a +2 kite shield (worn)
 D - a +2 cloak of stealth (worn)
 L - +1 acid dragon scales (worn)
Jewellery
 r - a ring of protection from cold
 y - a ring of protection from fire
 A - an amulet of reflection (around neck)
 B - the ring of Selo {Will+ MP+9}
   (You took it off an orc on level 6 of the Dungeon)

   [ring of willpower]

   MP:        It affects your magic capacity (+9).
   Will:      It increases your willpower.
 G - the amulet "Noisokuk" {Acrobat Fragile rPois Int+4}
   (You found it on level 15 of the Dungeon)

   [amulet of the acrobat]

   It increases your evasion while moving and waiting.
   Int:       It affects your intelligence (+4).
   rPois:     It protects you from poison.
   Fragile:   It will be destroyed if unequipped.
 K - a ring of poison resistance (left claw)
 W - a ring of protection from fire
 X - the ring "Puis" (right claw) {rC+ Str+6}
   (You found it in an ice cave)

   [ring of protection from cold]

   Str:       It affects your strength (+6).
   rC:        It protects you from cold.
Wands
 d - a wand of light (4)
 j - a wand of roots (2)
 I - a wand of mindburst (24)
 S - a wand of flame (12)
 T - a wand of polymorph (2)
 V - a wand of charming (11)
Scrolls
 c - 2 scrolls of amnesia
 e - 14 scrolls of teleportation
 k - 4 scrolls of poison
 l - a scroll of fear {unknown}
 p - 5 scrolls of magic mapping
 s - a scroll of silence {unknown}
 x - 2 scrolls of brand weapon
 N - 4 scrolls of vulnerability
 O - 3 scrolls of immolation
 P - a scroll of acquirement {unknown}
 Q - a scroll of butterflies {unknown}
 R - 2 scrolls of fog
 Z - 2 scrolls of torment {unknown}
Potions
 f - 2 potions of lignification
 g - 9 potions of attraction
 h - 8 potions of curing
 n - 4 potions of mutation
 o - 3 potions of might
 t - 3 potions of cancellation
 u - 3 potions of resistance
 v - 5 potions of brilliance
 F - a potion of magic
 M - 8 potions of ambrosia
 U - a potion of flight


   Skills:
 + Level 12.9 Fighting
 - Level 9.9 Dodging
 - Level 13.3 Shields
 * Level 20.6 Unarmed Combat


You had 9 spell levels left.
You knew the following spells:

 Your Spells              Type           Power      Damage    Failure   Level
a - Statue Form           Tmut/Erth      0%         N/A       100%        6

Your spell library contained the following spells:

 Spells                   Type           Power      Damage    Failure   Level
 Foxfire                  Conj/Fire      0%         2x1d4     54%         1
 Sandblast                Erth           0%         2d4       54%         1
 Blink                    Tloc           0%         N/A       67%         2
 Cigotuvi's Dreadful Rot  Necr/Pois/Air  0%         N/A       67%         2
 Lesser Beckoning         Tloc           0%         N/A       67%         2
 Momentum Strike          Conj/Tloc      0%         3d8       67%         2
 Passwall                 Tmut/Erth      0%         N/A       67%         2
 Static Discharge         Conj/Air       0%         2-2/arc   67%         2
 Dazzling Flash           Conj/Hex       0%         N/A       88%         3
 Hailstorm                Conj/Ice       0%         3d3       88%         3
 Ignite Poison            Fire/Tmut/Pois 0%         N/A       88%         3
 Inner Flame              Hex/Fire       0%         N/A       88%         3
 Mephitic Cloud           Conj/Pois/Air  0%         N/A       88%         3
 Stone Arrow              Conj/Erth      0%         3d7       88%         3
 Swiftness                Air            0%         N/A       88%         3
 Anguish                  Hex/Necr       0%         N/A       99%         4
 Animate Armour           Summ/Erth      0%         N/A       99%         4
 Cause Fear               Hex            0%         N/A       99%         4
 Dispel Undead            Necr           0%         3d6       99%         4
 Flame Wave               Conj/Fire      0%         2d4       99%         4
 Ice Form                 Ice/Tmut       0%         N/A       99%         4
 Passage of Golubria      Tloc           0%         N/A       99%         4
 Petrify                  Tmut/Erth      0%         N/A       99%         4
 Sticky Flame             Conj/Fire      0%         2d3       99%         4
 Agony                    Necr           0%         N/A       100%        5
 Blade Hands              Tmut           0%         N/A       100%        5
 Fireball                 Conj/Fire      0%         3d3       100%        5
 Freezing Cloud           Conj/Ice/Air   0%         6-21      100%        5
 Metabolic Englaciation   Hex/Ice        0%         N/A       100%        5
 Silence                  Hex/Air        0%         N/A       100%        5
 Death Channel            Necr           0%         N/A       100%        6
 Iron Shot                Conj/Erth      0%         9d1       100%        6
 Plasma Beam              Fire/Air       0%         2x1d11    100%        6
 Simulacrum               Ice/Necr       0%         N/A       100%        6
 Starburst                Conj/Fire      0%         6d3       100%        6
 Enfeeble                 Hex            0%         N/A       100%        7
 Lehudib's Crystal Spear  Conj/Erth      0%         10d2      100%        8
 Fire Storm               Conj/Fire      0%         5d1       100%        9


Dungeon Overview and Level Annotations

Branches:
Dungeon (15/15)            Temple (1/1) D:5            Lair (5/5) D:11
  Swamp (0/4) Lair:3       Spider (4/4) Lair:3        Slime (0/5) Lair:4
    Orc (2/2) D:12            Elf (0/3) Orc:2        Vaults (0/5) D:14
 Depths (0/4) D:15        Ossuary (visited)           IceCv (visited)

Altars:
Ashenzari
Cheibriados
Dithmenos
Elyvilon
Fedhas
Gozag
Hepliaklqana
Kikubaaqudgha
Makhleb
Nemelex Xobeh
Okawaru
Qazlal
Ru
Sif Muna
Trog
Uskayaw
Vehumet
Wu Jian
Xom
Yredelemnul
Zin
The Shining One
Lugonu

Shops:
D:5 [   D:7 *   D:14 [   Orc:1 =:[(   Orc:2 *![*

Portals:
Abyss: Lair:5

Annotations:
Spider:1 1 runed translucent door, suzumiya's ghost, adept MfGl


Innate Abilities, Weirdness & Mutations

You are too large for most types of armour.
You have claws for hands.
Your natural rate of healing is unusually fast.
You are covered in fur. (AC +1)
You have tough skin. (AC +1)


Message History

Found a wand of roots (4).
The orb spider moves out of view.
The emperor scorpion moves out of view.
The tarantella moves out of view.
Found 20 gold pieces.
The moth of wrath's fur bristles in rage as it notices you.
Okay, then.
You feel yourself speed up.
The moth of wrath goads the emperor scorpion on!
The emperor scorpion goes berserk!
You scratch the emperor scorpion but do no damage.
You block the emperor scorpion's attack. x3
You claw the emperor scorpion!
The emperor scorpion is lightly wounded.
You block the emperor scorpion's attack.
The emperor scorpion claws you but does no damage.
You block the emperor scorpion's attack.
You claw the emperor scorpion!
The emperor scorpion is lightly wounded.
You scratch the emperor scorpion.
The emperor scorpion is lightly wounded.
You block the emperor scorpion's attack.
The emperor scorpion barely misses you. The emperor scorpion claws you!
* * * LOW HITPOINT WARNING * * *
You claw the emperor scorpion!
The emperor scorpion is moderately wounded.
You block the emperor scorpion's attack.
The emperor scorpion claws you.
* * * LOW HITPOINT WARNING * * *
You block the emperor scorpion's attack.
Okay, then.
You feel very mighty all of a sudden. The emperor scorpion stings you!
* * * LOW HITPOINT WARNING * * *
The emperor scorpion claws you.
* * * LOW HITPOINT WARNING * * *
The emperor scorpion claws you.
* * * LOW HITPOINT WARNING * * *
You scratch the emperor scorpion but do no damage.
The emperor scorpion is moderately wounded.
The emperor scorpion stings you!!
You die...

......
#....^####
#.......^##
#.........#
..........#
..........#
..........#
..........#
........s@#
........y.#
.....
/.^.......#
....#
##........#
..^..
....####..#
..... ....
##.# .....
$. ###
...^. ...#.


You could see an emperor scorpion (berserk) and a moth of wrath.

Vanquished Creatures
  A storm dragon (D:15)
  An azure jelly (IceCv)
  A ghost moth (Spider:3)
  3 emperor scorpions
  A stone giant (D:15)
  2 quicksilver oozes (IceCv)
  Nessos (D:14)
  3 broodmothers (Spider:2)
  A spark wasp (Spider:3)
  Snorg (D:13)
  2 entropy weavers (Spider:2)
  Fannar (Lair:1)
  3 hydras
  A jorogumo (Spider:3)
  2 catoblepae
  2 ogre magi
  4 boulder beetles
  4 radroaches
  An anaconda (shapeshifter) (D:13)
  3 centaur warriors
  A deep troll earth mage (D:15)
  A death yak (Lair:5)
  A tengu warrior (D:15)
  5 two-headed ogres
  Urug (Lair:1)
  An orc high priest (Orc:2)
  2 thrashing horrors (Lair:5)
  Amaemon (Lair:2)
  5 pharaoh ants
  2 skysharks (Lair:5)
  5 skeletal warriors (D:15)
  5 orb spiders
  2 wizards
  A harpy (shapeshifter) (D:14)
  2 orc knights
  16 wolf spiders
  A deep elf pyromancer (D:14)
  6 steelbarb worms
  A lindwurm (shapeshifter) (D:14)
  7 orc sorcerers
  5 ugly things
  4 manticores
  A moth of wrath (Spider:3)
  3 large abominations (Lair:5)
  2 cyclopes (D:12)
  6 black mambas
  3 ice statues (IceCv)
  2 smoke demons (Lair:5)
  11 elephants
  2 gargoyles
  An orange demon (Lair:2)
  6 torpor snails
  8 cane toads
  An unseen horror (D:11)
  8 komodo dragons
  2 kobold demonologists
  Psyche (D:8)
  4 rime drakes
  A yaktaur (shapeshifter) (Lair:5)
  An efreet (D:14)
  4 yaktaurs (D:13)
  A tengu conjurer (D:15)
  An ancient zyme (Lair:5)
  5 trolls
  A queen bee (Lair:1)
  16 tarantellas
  6 meliai
  2 polar bears
  A polar bear (shapeshifter) (D:14)
  11 dream sheep
  37 blink frogs
  31 jumping spiders
  21 culicivoras
  8 slime creatures
  A spriggan (Lair:5)
  3 ynoxinuls (Lair:5)
  3 wraiths
  A vampire (D:13)
  8 wyverns
  2 shadows (D:13)
  77 yaks
  9 basilisks
  2 steam dragons (D:7)
  49 redbacks
  14 vampire mosquitoes
  An acid dragon (D:9)
  4 wargs
  A water moccasin (shapeshifter) (D:13)
  14 water moccasins
  3 ice beasts
  20 orc warriors
  5 great orb of eyes simulacra (IceCv)
  A black bear (shapeshifter) (D:14)
  14 ogres
  5 black bears
  3 wolves (Lair:3)
  A boggart (D:14)
  13 centaurs
  5 slime creature simulacra (IceCv)
  2 phantoms (D:5)
  7 kobold brigands
  8 bullfrogs
  7 scorpions
  3 gnoll sergeants
  9 small abominations (Lair:5)
  23 wights
  3 glowing shapeshifter simulacra (IceCv)
  41 killer bees
  A howler monkey (D:11)
  9 electric eels
  4 jellies
  A human zombie (D:5)
  6 hounds
  A gnoll bouda (D:5)
  22 orc priests
  A sleepcap (D:4)
  Natasha (thrice) (D:2)
  3 human skeletons (D:5)
  41 orc wizards
  4 iguanas
  3 shapeshifter simulacra (IceCv)
  8 mummies (Ossuary)
  29 gnolls
  9 adders
  A white imp (D:8)
  3 worms
  3 dart slugs
  76 orcs
  5 ball pythons
  5 endoplasms
  2 giant cockroaches
  2 gnoll zombies (Ossuary)
  14 goblins
  15 hobgoblins
  5 jackals
  35 kobolds
  2 quokkas (D:5)
  4 bats
  3 frilled lizards
  4 kobold zombies (Ossuary)
  2 orc skeletons (D:5)
  2 orc zombies (Ossuary)
  7 rats
  A spectral kobold (D:5)
  A butterfly (Lair:3)
1020 creatures vanquished.

Vanquished Creatures (others)
  A jumping spider (Spider:1)
  A kobold brigand (D:8)
  An orc priest (Orc:2)
  An orc wizard (Orc:2)
  2 gnolls
6 creatures vanquished.

Grand Total: 1026 creatures vanquished

Notes
Turn   | Place    | Note
-------+----------+-------------------------------------------
     0 | D:1      | cheesebisquit the Troll Fighter began the quest for the
                  | Orb.
     0 | D:1      | Reached XP level 1. HP: 22/22 MP: 0/0
   123 | D:1      | Reached XP level 2. HP: 29/29 MP: 1/1
   698 | D:2      | Noticed Natasha
   709 | D:2      | Killed Natasha
   710 | D:2      | Reached skill level 3 in Unarmed Combat
   710 | D:2      | Reached XP level 3. HP: 18/36 MP: 2/2
  1125 | D:2      | Reached XP level 4. HP: 34/44 MP: 3/3
  1139 | D:2      | Noticed Natasha
  1147 | D:2      | Killed Natasha
  1253 | D:2      | Noticed Natasha
  1256 | D:2      | Killed Natasha
  1257 | D:2      | Reached skill level 4 in Unarmed Combat
  1257 | D:2      | Reached XP level 5. HP: 53/53 MP: 4/4
  1456 | D:3      | Found a sacrificial altar of Ru.
  1885 | D:3      | Reached XP level 6. HP: 20/61 MP: 5/5
  2404 | D:4      | Reached skill level 5 in Unarmed Combat
  2427 | D:4      | Reached XP level 7. HP: 53/68 MP: 6/6
  2474 | D:4      | Reached skill level 6 in Unarmed Combat
  2761 | D:4      | Found a glowing silver altar of Zin.
  2761 | D:4      | Found a burning altar of Makhleb.
  2762 | D:4      | Noticed a green death
  2762 | D:4      | Noticed an angel
  3668 | D:5      | Entered Level 5 of the Dungeon
  3678 | D:5      | Reached skill level 5 in Shields
  3678 | D:5      | Reached XP level 8. HP: 79/79 MP: 7/7
  3735 | D:5      | Reached skill level 7 in Unarmed Combat
  3750 | D:5      | Found a sand-covered staircase.
  3756 | Ossuary  | Entered an ossuary
  4167 | D:5      | Reached skill level 5 in Fighting
  4177 | D:5      | Found a staircase to the Ecumenical Temple.
  4184 | Temple   | Entered the Ecumenical Temple
  4381 | D:5      | Reached skill level 8 in Unarmed Combat
  4655 | D:5      | Found Xego's Antique Armour Shoppe.
  5145 | D:5      | Found a hazy altar of Hepliaklqana.
  5458 | D:6      | Reached XP level 9. HP: 87/88 MP: 8/8
  5521 | D:6      | Found a sparkling altar of Nemelex Xobeh.
  5521 | D:6      | Found a broken altar of Ashenzari.
  5521 | D:6      | Found a basalt altar of Yredelemnul.
  5521 | D:6      | Found an ancient bone altar of Kikubaaqudgha.
  5631 | D:6      | Reached skill level 9 in Unarmed Combat
  5714 | D:6      | Identified the ring of Selo {Will+ MP+9}
  5882 | D:7      | Noticed a kobold demonologist
  5888 | D:7      | Killed a kobold demonologist
  6204 | D:7      | Reached skill level 10 in Unarmed Combat
  6244 | D:7      | Found Dycw's Neck Hole.
  6304 | D:7      | Reached XP level 10. HP: 98/98 MP: 9/9
  6477 | D:7      | Found an iron altar of Okawaru.
  7038 | D:8      | Noticed Psyche
  7050 | D:8      | Killed Psyche
  7534 | D:8      | Reached skill level 11 in Unarmed Combat
  7769 | D:9      | Found an ornate altar of the Wu Jian Council.
  7789 | D:9      | Became a worshipper of the Wu Jian Council
  7831 | D:9      | Reached skill level 5 in Dodging
  8023 | D:9      | Reached XP level 11. HP: 100/109 MP: 10/10
  8144 | D:9      | Reached * piety under Wu Jian
  8336 | D:9      | Identified the +2 leather armour of Qazlal's Envy {Int+5}
  8353 | D:10     | Entered Level 10 of the Dungeon
  8708 | D:10     | Reached skill level 12 in Unarmed Combat
  9163 | D:10     | You fall into a shaft and drop 2 floors!
  9289 | D:12     | Noticed a green ugly thing
  9301 | D:12     | Killed a green ugly thing
  9569 | D:12     | Reached ** piety under Wu Jian
  9670 | D:12     | Noticed a boulder beetle
  9711 | D:12     | Killed a boulder beetle
  9930 | D:11     | Noticed a seven-headed hydra
 10058 | D:11     | Noticed a white ugly thing
 10064 | D:11     | Killed a white ugly thing
 10612 | D:11     | Found a staircase to the Lair.
 10632 | D:11     | Reached skill level 13 in Unarmed Combat
 10827 | D:11     | Identified the +1 ring mail "Zyjox" {-Tele rElec MP+9
                  | Int+5}
 10860 | D:11     | Noticed a two-headed ogre
 10866 | D:11     | Reached XP level 12. HP: 120/120 MP: 11/11
 10874 | D:11     | Killed a two-headed ogre
 10976 | D:11     | Killed a seven-headed hydra
 11611 | D:12     | Found a staircase to the Orcish Mines.
 11651 | D:12     | Reached *** piety under Wu Jian
 11753 | Lair:1   | Entered Level 1 of the Lair of Beasts
 11866 | Lair:1   | Noticed Urug
 11878 | Lair:1   | Killed Urug
 11946 | Lair:1   | Reached skill level 14 in Unarmed Combat
 12636 | Lair:1   | Reached **** piety under Wu Jian
 12761 | Lair:1   | Noticed Fannar
 12781 | Lair:1   | Killed Fannar
 13136 | Lair:2   | Noticed Amaemon
 13248 | Lair:2   | Killed Amaemon
 13249 | Lair:2   | Reached skill level 10 in Shields
 13249 | Lair:2   | Reached XP level 13. HP: 131/131 MP: 12/12
 14153 | Lair:2   | Reached skill level 15 in Unarmed Combat
 14489 | Lair:3   | Reached ***** piety under Wu Jian
 14664 | Lair:3   | Found a staircase to the Swamp.
 15077 | Lair:3   | Found a hole to the Spider Nest.
 15526 | Lair:4   | Found a staircase to the Slime Pits.
 15862 | Lair:4   | Reached skill level 10 in Fighting
 16022 | Lair:4   | Reached skill level 16 in Unarmed Combat
 16345 | Lair:5   | Entered Level 5 of the Lair of Beasts
 16356 | Lair:5   | Found a frozen archway.
 16375 | IceCv    | Entered an ice cave
 16477 | IceCv    | Reached XP level 14. HP: 108/143 MP: 13/13
 16520 | IceCv    | Got the ring "Puis" {rC+ Str+6}
 16664 | IceCv    | Noticed a quicksilver ooze
 16673 | IceCv    | Killed a quicksilver ooze
 16724 | IceCv    | Noticed a quicksilver ooze
 16728 | IceCv    | Killed a quicksilver ooze
 16892 | IceCv    | Found a viscous altar of Jiyva.
 16892 | IceCv    | Noticed an azure jelly
 16905 | IceCv    | Killed an azure jelly
 16967 | IceCv    | Reached ****** piety under Wu Jian
 16991 | IceCv    | Identified the +4 ring mail of the Gloaming {rPois}
 16994 | IceCv    | Identified the +9 plate armour of Courage {rF+ Dex+3}
 17784 | Lair:5   | Reached skill level 17 in Unarmed Combat
 18375 | Lair:5   | Found a corrupted altar of Lugonu.
 18375 | Lair:5   | Found a one-way gate to the infinite horrors of the Abyss.
 18884 | Orc:1    | Entered Level 1 of the Orcish Mines
 18925 | Orc:1    | Found Ytol's Book Boutique.
 18958 | Orc:1    | Found Ellucze's Armour Shoppe.
 19123 | Orc:1    | Found Mizu's Antique Weapon Shop.
 19297 | Orc:1    | Bought a book of Spatial Translocations for 270 gold pieces
 19297 | Orc:1    | Bought a book of Sloth for 540 gold pieces
 19304 | Orc:1    | Learned a level 6 spell: Statue Form
 19313 | Orc:2    | Entered Level 2 of the Orcish Mines
 19343 | Orc:2    | Found a staircase to the Elven Halls.
 19348 | Orc:1    | Found Ufaapayque's Jewellery Shoppe.
 19867 | Orc:2    | Found Vacseewn's Assorted Antiques.
 19867 | Orc:2    | Found Ucvuoh Taze's General Store.
 19867 | Orc:2    | Found Zeolite's Armour Emporium.
 19903 | Orc:2    | Reached XP level 15. HP: 146/147 MP: 14/14
 19992 | Orc:2    | Found Qettom's Distillery.
 20007 | Orc:2    | Bought a scroll of identify for 56 gold pieces
 20007 | Orc:2    | Bought a potion of heal wounds for 140 gold pieces
 20007 | Orc:2    | Bought a potion of haste for 280 gold pieces
 20012 | Orc:2    | Bought a potion of curing for 42 gold pieces
 20012 | Orc:2    | Bought a potion of curing for 42 gold pieces
 20597 | D:13     | Identified the +4 quarterstaff of Intimidation {heavy,
                  | rPois Will+ Dex+5}
 20602 | D:13     | Got the Vellum of Nephomancy
 20643 | D:13     | Noticed Snorg
 20652 | D:13     | Killed Snorg
 20826 | D:13     | Found a gate leading to a gauntlet.
 21023 | D:13     | Got the Compendium of Power
 21647 | D:14     | Identified the +9 rapier "Ylophih" {drain, rC+ rN+}
 21741 | D:14     | Noticed Nessos
 21749 | D:14     | Killed Nessos
 21859 | D:14     | Found Akkox's Armour Shoppe.
 22118 | D:14     | Reached skill level 18 in Unarmed Combat
 22128 | D:14     | Found a gate to the Vaults.
 22939 | D:15     | Entered Level 15 of the Dungeon
 23328 | D:15     | Found a staircase to the Depths.
 23480 | D:15     | Noticed a storm dragon
 23919 | D:15     | Killed a storm dragon
 23989 | D:15     | Identified the amulet "Noisokuk" {Acrobat Fragile rPois
                  | Int+4}
 24262 | Spider:1 | Entered Level 1 of the Spider Nest
 24936 | Spider:1 | Reached skill level 19 in Unarmed Combat
 25021 | Spider:1 | Identified the +6 trident of Wiudghaem {heavy, rCorr Int+2}
 25224 | Spider:1 | Noticed suzumiya's ghost (adept MfGl)
 25225 | Spider:1 | Found a runed translucent door.
 25250 | Spider:1 | Reached XP level 16. HP: 165/165 MP: 15/15
 26500 | Spider:2 | Identified the +0 broad axe "Bitreish" {venom, *Rage *Noise
                  | Fly Dex+5}
 28394 | Spider:3 | Reached skill level 20 in Unarmed Combat
 30207 | Spider:4 | Entered Level 4 of the Spider Nest
 30542 | Spider:4 | Slain by an emperor scorpion

Illustrated notes

Levels and vault maps discovered:
D:1:      psy_arrival_dodecagon, layout_basic, hex_medium, minmay_pentomino_s4
D:2:      layout_loops_ring, nicolae_figureground_sparkle, uniq_natasha
D:3:      layout_loops_corners, nicolae_ru_awakened_eye
D:4:      layout_basic, grunt_temple_overflow_order_and_chaos_2,
          grunt_decor_arrowhead
D:5:      corexii_shantytown, layout_basic,
          nicolae_hepliaklqana_monster_ancestors, minmay_temple_entry_wispy,
          serial_glass, glass_columns_a, glass_columns_a,
          minmay_strange_pillars, feat_on_display, due_unseen_surprise,
          nicolae_ossuary_entry_catacombs, serial_shops, nicolae_diamond_shop,
          dk_noncrumbling_4, minivault_14, chequers_serial_rivers_micro_d
D:6:      layout_rooms, chequers_temple_overflow_statue_of_worship,
          dk_noncrumbling_3
D:7:      layout_loops_ring, okawaru_ov_weapons_minmay,
          nicolae_shop_sticking_my_neck_out
D:8:      layout_basic, serial_corexii_hall, chequers_hall_statues_corner_a,
          chequers_hall_statues_corner_a, uniq_psyche
D:9:      layout_big_octagon, lemuel_crystal_altar
D:10:     layout_gridville
D:11:     layout_loops_corners, david_lair_generic, minmay_fractal_squares_5
D:12:     layout_irregular_city, erik_orc_2
D:13:     layout_basic, gauntlet_entry_generic, uniq_snorg
D:14:     layout_cave_pods, hangedman_vaults_entry_quadrant_bands, serial_shops,
          nicolae_shop_real_fake_doors, uniq_nessos
D:15:     grunt_enter_depths_giant_problem, layout_cave_pods, minivault_24,
          small_statue_alley_a, wad_dig_loot
Temple:   nicolae_temple_godzebo
Lair:1:   layout_roguey [special_room_bee], grunt_megastairs_4, uniq_fannar,
          uniq_urug
Lair:2:   layout_cave_pods, serial_bayou_lagoon_b, grunt_megastairs_2,
          infiniplex_staircase_pool_2, lemuel_fruit_fields, uniq_amaemon
Lair:3:   layout_chaotic_city, minmay_swamp_entry_swarm,
          spider_nest_entry_funnel_web, lemuel_fruit_fields
Lair:4:   layout_regular_city, minmay_slime_entry_pillars, columned_hall_lemuel
Lair:5:   hellmonk_lair_end_abyssal_woods, layout_loops_ring,
          portal_ice_cave_entry_pillars_2, nicolae_lair_lil_pond,
          chequers_serial_rivers_micro_d, grunt_megastairs_3,
          serial_bayou_shore_a
Spider:1: layout_cave_pods, hellmonk_ghost_happy_afterlife
Spider:2: layout_spider_delve, nicolae_spider_wall_of_niches
Spider:3: layout_spider_delve, drop_trap, nicolae_spider_twisty_arc_passages
Spider:4: grunt_spider_rune_circles, uniq_agnes
Orc:1:    layout_caves, basic_altar, serial_shops,
          nicolae_shop_tiny_statue_garden, nicolae_shop_back_alley_shop, shop,
          nicolae_shop_tiny_glass
Orc:2:    st_orc_mages, layout_diamond_mine, basic_altar

Skill      XL: |  1  2  3  4  5  6  7  8  9 10 11 12 13 14 15 16 |
---------------+-------------------------------------------------+-----
Shields        | 3 4 5 6 7 9 10 11 12 13 | 13.3
Unarmed Combat | 3 4 5 6 8 10 11 13 14 16 17 19 20 | 20.6
Fighting       | 3 4 5 6 7 8 9 10 11 12 | 12.9
Dodging        | 3 5 6 7 8 9 |  9.9

Action                     |  1- 3 |  4- 6 |  7- 9 | 10-12 | 13-15 | 16-18 || total
---------------------------+-------+-------+-------+-------+-------+-------++-------
  Melee: Unarmed           |    90 |   116 |   403 |   713 |  1289 |   512 ||  3123
         Spear             |       |       |       |   128 |       |       ||   128
  Throw: Dart              |       |       |    12 |    56 |    95 |    70 ||   233
         Boomerang         |       |       |    57 |   183 |    21 |       ||   261
         Javelin           |       |       |       |     6 |       |       ||     6
         Large rock        |       |       |       |     2 |    40 |       ||    42
 Invoke: Heavenly Storm    |       |       |       |       |     1 |       ||     1
Ability: Lunge             |       |       |       |    56 |    99 |    31 ||   186
         Whirlwind         |       |       |       |    21 |    41 |     2 ||    64
  Evoke: Wand              |       |       |       |     5 |    10 |     3 ||    18
    Use: Potion            |       |     1 |     2 |     9 |    10 |     7 ||    29
         Scroll            |       |       |    10 |    10 |    12 |     7 ||    39
   Stab: Sleeping          |       |       |     4 |     3 |       |     2 ||     9
         Distracted        |       |       |       |     1 |       |     2 ||     3
         Invisible         |       |       |       |     4 |       |       ||     4
         Petrified         |       |       |       |       |     1 |       ||     1
 Armour: Robe              |    19 |    33 |    55 |       |    12 |       ||   119
         Steam dragon scal |       |       |       |    66 |       |       ||    66
         Acid dragon scale |       |       |       |   125 |   228 |   125 ||   478
         Skin              |       |       |       |    13 |    40 |       ||    53
  Dodge: Dodged            |    29 |    38 |    93 |   232 |   292 |   133 ||   817
  Block: Kite shield       |    30 |    43 |   148 |   611 |   733 |   392 ||  1957
         Reflection        |       |       |     1 |    14 |    36 |       ||    51
